 Dungeon Crawl Stone Soup version 0.30-a0-964-gd452b5e7fa (webtiles) character file.

Game seed: 2877716161438269189

5303 jasper the Zephyrmancer (level 10, -10/80 HPs)
             Began as a Black Draconian Venom Mage on Mar 30, 2023.
             Was a Believer of Vehumet.
             Mangled by a death yak (25 damage)
             ... on level 8 of the Dungeon.
             The game lasted 00:14:46 (8221 turns).

jasper the Zephyrmancer (DrVM)                      Turns: 8221, Time: 00:14:46

Health: -10/80     AC: 11    Str: 10    XL:     10   Next: 37%
Magic:  4/18       EV: 13    Int: 19    God:    Vehumet [**....]
Gold:   320        SH:  0    Dex: 13    Spells: 4/20 levels left

rFire   . . .      SeeInvis .    p - +4 scythe (spect)
rCold   . . .      Faith    +    (shield currently unavailable)
rNeg    . . .      Spirit   .    (body armour unavailable)
rPois   .          Reflect  .    (helmet restricted)
rElec   +          Rampage  .    n - +2 cloak
rCorr   .                        t - +0 pair of gloves
Will    +....                    (no boots)
Stlth   ++                       x - amulet of faith
HPRegen 0.33/turn                m - ring of willpower
MPRegen 0.16/turn                (no ring)

@: no status effects
A: breathe lightning, AC +7, unfitting armour, electricity resistance,
cold-blooded
a: Breathe Lightning, Renounce Religion


You were on level 8 of the Dungeon.
You worshipped Vehumet.
Vehumet was pleased with you.
You visited 1 branch of the dungeon, and saw 8 of its levels.

You collected 432 gold pieces.
You spent 112 gold pieces at shops.

Inventory:

Hand Weapons
 d - a +0 dagger
 p - a +4 spectral scythe (weapon)
Missiles
 v - 5 curare-tipped darts
Armour
 n - a +2 cloak (worn)
 t - a +0 pair of gloves (worn)
 y - a +0 kite shield
Jewellery
 l - a ring of ice
 m - a ring of willpower (left hand)
 w - an amulet of the acrobat
 x - an amulet of faith (around neck)
 D - a ring of fire
Wands
 o - a wand of flame (22)
 E - a wand of iceblast (3)
Scrolls
 e - 6 scrolls of teleportation
 h - a scroll of silence
 i - 2 scrolls of blinking
 j - 2 scrolls of immolation
 r - 3 scrolls of amnesia
 B - 2 scrolls of brand weapon
 F - 4 scrolls of identify
 G - a scroll of poison
 I - a scroll of enchant weapon
Potions
 a - a potion of magic
 b - 2 potions of resistance
 c - 4 potions of curing
 f - 2 potions of attraction
 g - 2 potions of degeneration
 k - a potion of invisibility
 q - 2 potions of flight
 s - 2 potions of brilliance
 u - a potion of haste
 z - a potion of mutation
 A - 2 potions of might


   Skills:
 + Level 4.5 Fighting
 + Level 4.3 Dodging
 - Level 1.7 Stealth
 + Level 5.7 Spellcasting
 - Level 2.0 Conjurations
 - Level 1.0 Necromancy
 - Level 1.0 Transmutations
 + Level 4.7 Fire Magic
 - Level 10.0 Air Magic
 - Level 6.0 Poison Magic
 - Level 6.0 Evocations


You had 4 spell levels left.
You knew the following spells:

 Your Spells              Type           Power      Damage    Failure   Level
a - Plasma Beam           Fire/Air       16%        2x1d20    16%         5
b - Poisonous Vapours     Pois/Air       70%        N/A       1%          2
c - Cigotuvi's Dreadful   Necr/Pois/Air  52%        N/A       1%          2
d - Mephitic Cloud        Conj/Pois/Air  28%        N/A       3%          3
e - Olgreb's Toxic Radia  Pois           28%        N/A       10%         4

Your spell library contained the following spells:

 Spells                   Type           Power      Damage    Failure   Level
 Searing Ray              Conj           26%        2d5       8%          2
 Sting                    Tmut/Pois      72%        1d6       2%          1
 Magic Dart               Conj           52%        1d5       4%          1
 Sandblast                Erth           10%        2d5       12%         1
 Slow                     Hex            20%        N/A       12%         1
 Call Imp                 Summ           5%         N/A       17%         2
 Lesser Beckoning         Tloc           10%        N/A       17%         2
 Vampiric Draining        Necr           9%         2d6       22%         3
 Confusing Touch          Hex            5%         N/A       34%         3
 Gell's Gravitas          Tloc           5%         N/A       34%         3
 Portal Projectile        Hex/Tloc       10%        N/A       34%         3
 Teleport Other           Tloc           5%         N/A       34%         3
 Tukima's Dance           Hex            5%         N/A       34%         3
 Blade Hands              Tmut           4%         N/A       91%         5
 Iron Shot                Conj/Erth      4%         9d2       100%        6


Dungeon Overview and Level Annotations

Branches:
Dungeon (8/15)             Temple (0/1) D:5            Lair (0/5) D:8

Altars:
Ashenzari
Cheibriados
Dithmenos
Fedhas
Gozag
Makhleb
Nemelex Xobeh
Trog
Vehumet
Wu Jian
Zin

Shops:
D:7 *


Innate Abilities, Weirdness & Mutations

You can breathe wild blasts of lightning.
Your glossy black scales are hard. (AC +7)
You cannot fit into any form of body armour.
You are resistant to electric shocks. (rElec)
You are cold-blooded and may be slowed by cold attacks.


Message History

You now have 4/18 mp.
The death yak attacks as you move away! The death yak completely misses you.
The death yak attacks as you move away!
The death yak gores you but does no damage.
The death yak looks even sicker.
The death yak attacks as you move away! The death yak gores you.
* * * LOW HITPOINT WARNING * * *
The death yak looks even sicker.
Your toxic aura wanes.
You take 1 damage, and have 23/78 hp.
There is a stone staircase leading down here.
Casting: Olgreb's Toxic Radiance (dangerous; 10% risk of failure)
Press: ? - help, Q - select action, (/) - cycle Dir - look around, f - activate You begin to radiate toxic energy.
The death yak looks as sick as possible!
The death yak looks even sicker.
The death yak looks as sick as possible!
The death yak gores you but does no damage.
You now have 0/18 mp.
You feel much better.
The death yak looks as sick as possible!
Your toxic aura wanes.
The death yak gores you but does no damage.
The death yak gores you!!
* * * LOW HITPOINT WARNING * * *
You take 3 damage, and have 20/78 hp.
There is an open door here.
The death yak attacks as you move away! The death yak gores you.
* * * LOW HITPOINT WARNING * * *
You kill the death yak!
Vehumet accepts your kill.
You feel your power returning.
You take 5 damage, and have 15/80 hp.
You regained 3 mp, and now have 4/18 mp.
Aiming: Mindburst
Press: ? - help, Shift-Dir - straight line, f - death yak
Aim: a death yak (almost dead, extremely poisoned, chance to affect: 21%)
The death yak resists with almost no effort.
The now-empty wand crumbles to dust.
The death yak gores you!!
You die...

.............#
............#
#.(....##...#
##.[....##'###
#...)().#....#
#...<...#....#
#.......+.>..#
##...##.##Y###
##..)##.##@..#
#............#
#............#
#............#
#............#
##############


You could see a death yak (very poisoned).

Vanquished Creatures
  2 death yaks (D:8)
  A two-headed ogre (D:8)
  Joseph (D:7)
  Prince Ribbit (D:7)
  Sigmund (D:2)
  Eustachio (D:5)
  A steam dragon (D:8)
  A black bear (D:4)
  2 ice beasts (D:7)
  2 ogres (D:6)
  2 centaurs (D:8)
  3 scorpions
  3 bullfrogs
  12 wights
  A crimson imp (D:5)
  A gnoll bouda (D:7)
  5 orc priests
  2 hounds
  2 jellies (D:6)
  Jessica (D:2)
  8 iguanas
  A sleepcap (D:6)
  Natasha (thrice) (D:4)
  2 orc wizards (D:4)
  2 hell rats (D:8)
  10 gnolls
  4 river rats (D:8)
  4 adders
  A white imp (D:7)
  2 ufetubi (D:6)
  A worm (D:3)
  5 dart slugs
  12 orcs
  4 bats
  3 endoplasms (D:3)
  5 giant cockroaches
  2 goblins
  2 hobgoblins
  6 jackals
  5 quokkas
  6 ball pythons
  2 frilled lizards
  2 kobolds
  3 rats
140 creatures vanquished.

Vanquished Creatures (others)
  A wizard (D:5)
  A plant (D:5)
2 creatures vanquished.

Grand Total: 142 creatures vanquished

Notes
Turn   | Place    | Note
-------+----------+-------------------------------------------
     0 | D:1      | jasper the Draconian Venom Mage began the quest for the
                  | Orb.
     0 | D:1      | Reached XP level 1. HP: 14/14 MP: 3/3
   282 | D:1      | Reached XP level 2. HP: 20/20 MP: 0/5
  1421 | D:2      | Learned a level 2 spell: Poisonous Vapours
  1536 | D:2      | Learned a level 2 spell: Cigotuvi's Dreadful Rot
  1972 | D:2      | Noticed Jessica
  1983 | D:2      | Killed Jessica
  1984 | D:2      | Reached XP level 3. HP: 10/26 MP: 0/7
  2101 | D:2      | Noticed Sigmund
  2111 | D:2      | Killed Sigmund
  2112 | D:2      | Reached skill level 1 in Necromancy
  2112 | D:2      | Reached skill level 1 in Air Magic
  2112 | D:2      | Reached XP level 4. HP: 20/33 MP: 1/9
  2112 | D:2      | Reached XP level 5. HP: 24/38 MP: 1/10
  2120 | D:2      | Learned a level 3 spell: Mephitic Cloud
  2334 | D:2      | Found a faded altar of an unknown god.
  2621 | D:3      | Learned a level 4 spell: Olgreb's Toxic Radiance
  2830 | D:3      | Found an opulent altar of Gozag.
  2888 | D:3      | Reached skill level 5 in Poison Magic
  3384 | D:3      | Found an ornate altar of the Wu Jian Council.
  3384 | D:3      | Found a sparkling altar of Nemelex Xobeh.
  3735 | D:4      | You fall into a shaft and drop 1 floor!
  3735 | D:5      | Entered Level 5 of the Dungeon
  3753 | D:4      | Noticed a black bear
  3760 | D:4      | Killed a black bear
  3761 | D:4      | Reached XP level 6. HP: 30/45 MP: 6/12
  3956 | D:4      | Noticed Natasha
  3961 | D:4      | Killed Natasha
  4117 | D:4      | Reached skill level 1 in Conjurations
  4260 | D:4      | Noticed Natasha
  4266 | D:4      | Killed Natasha
  4345 | D:4      | Reached skill level 2 in Air Magic
  4345 | D:4      | Your scales start taking on a glossy black colour.
  4345 | D:4      | Reached XP level 7. HP: 15/50 MP: 3/13
  4345 | D:4      | Gained mutation: You are resistant to electric shocks.
                  | (rElec) [Black Draconian growth]
  4576 | D:4      | Noticed Natasha
  4583 | D:4      | Killed Natasha
  4774 | D:4      | Reached skill level 1 in Fighting
  5010 | D:5      | Reached skill level 1 in Evocations
  5143 | D:5      | Found a burning altar of Makhleb.
  5147 | D:5      | Found a radiant altar of Vehumet.
  5167 | D:5      | Became a worshipper of Vehumet
  5225 | D:5      | Noticed Eustachio
  5232 | D:5      | Killed Eustachio
  5299 | D:5      | Found a bloodstained altar of Trog.
  5300 | D:5      | Noticed a wizard
  5305 | D:5      | Killed a wizard
  5449 | D:5      | Found a staircase to the Ecumenical Temple.
  5735 | D:5      | Found a snail-covered altar of Cheibriados.
  5854 | D:6      | Reached XP level 8. HP: 48/62 MP: 10/15
  6081 | D:6      | Got Ongy's Teachings on Exothermic Terra Firma
  6088 | D:6      | Learned a level 5 spell: Plasma Beam
  6168 | D:6      | Found a broken altar of Ashenzari.
  6282 | D:6      | Reached * piety under Vehumet
  6282 | D:6      | Offered knowledge of Kiss of Death by Vehumet.
  6724 | D:6      | Reached skill level 5 in Evocations
  6912 | D:7      | Noticed Prince Ribbit
  6920 | D:7      | Killed Prince Ribbit
  6921 | D:7      | Reached skill level 4 in Air Magic
  6934 | D:7      | Reached skill level 5 in Air Magic
  6969 | D:7      | Noticed Joseph
  6981 | D:7      | Reached XP level 9. HP: 63/68 MP: 9/16
  6994 | D:7      | Killed Joseph
  6995 | D:7      | Reached skill level 7 in Air Magic
  7126 | D:7      | Reached skill level 8 in Air Magic
  7290 | D:7      | Found a shadowy altar of Dithmenos.
  7371 | D:7      | Found Jotuwuq's Assorted Antiques.
  7379 | D:7      | Bought a long brass wand for 112 gold pieces
  7570 | D:7      | Found a blossoming altar of Fedhas.
  7604 | D:7      | Reached skill level 9 in Air Magic
  7656 | D:7      | Found a glowing silver altar of Zin.
  7790 | D:8      | Noticed a two-headed ogre
  7798 | D:8      | Killed a two-headed ogre
  7799 | D:8      | Reached skill level 10 in Air Magic
  7958 | D:8      | Reached skill level 5 in Spellcasting
  7960 | D:8      | Reached ** piety under Vehumet
  7960 | D:8      | Offered knowledge of Searing Ray by Vehumet.
  8074 | D:8      | Reached XP level 10. HP: 72/77 MP: 17/17
  8171 | D:8      | Found a staircase to the Lair.
  8171 | D:8      | Noticed a death yak
  8172 | D:8      | Noticed a death yak
  8173 | D:8      | Noticed a death yak
  8213 | D:8      | Killed a death yak
  8220 | D:8      | Killed a death yak
  8221 | D:8      | Mangled by a death yak

Illustrated notes

Levels and vault maps discovered:
D:1:      lightli_arrival_maybe_door_vault, layout_basic, serial_forest,
          infiniplex_forest_clump_diagonal, infiniplex_forest_zigzag_1,
          infiniplex_forest_clump_diagonal, infiniplex_forest_straight_5,
          infiniplex_forest_clump_curved, infiniplex_forest_clump_diagonal,
          infiniplex_forest_lined_room_2, infiniplex_forest_join,
          infiniplex_forest_lined_corner, minmay_misc_feat_columns
D:2:      layout_basic, dreamdust_ecumenical_altar_hidden_monk_grotto,
          uniq_jessica, uniq_sigmund
D:3:      layout_basic, grunt_gozag_breadcrumbs, amethyst_overflow_temple_binary
D:4:      layout_loops_ring, uniq_blork_the_orc, uniq_natasha
D:5:      layout_rooms, grunt_temple_overflow_lords_of_destruction, trog_wizard,
          chei_slow_surprise, minmay_temple_entry_waves, saegor_snake_ambush,
          uniq_eustachio
D:6:      layout_loops_ring, cheibrodos_ashenzari_chains
D:7:      layout_basic, mainiacjoe_overflow_cross_hatched,
          grunt_dithmenos_smoke_and_mirrors, zin_statuary, serial_shops,
          shop_fountains, uniq_joseph, uniq_prince_ribbit1
D:8:      layout_gridville, elyvilon_altar_5, dpeg_lair_monsters

Skill      XL: |  1  2  3  4  5  6  7  8  9 10 |
---------------+-------------------------------+-----
Spellcasting   | 3 4 5 |  5.7
Necromancy     | 1 |  1.0
Air Magic      | 1 2 5 10 | 10.0
Poison Magic   | 4 5 6 |  6.0
Conjurations   | 1 2 |  2.0
Dodging        | 3 4 |  4.3
Fighting       | 2 3 4 |  4.5
Evocations     | 2 6 |  6.0
Fire Magic     | 3 4 |  4.7
Stealth        | |  1.7
Transmutations | |  1.0

Action                     |  1- 3 |  4- 6 |  7- 9 | 10-12 || total
---------------------------+-------+-------+-------+-------++-------
  Melee: Unarmed           |     3 |       |       |       ||     3
         Dagger            |    28 |       |       |       ||    28
         Tailslap          |     2 |     5 |    24 |       ||    31
         Halberd           |       |    45 |   110 |       ||   155
   Cast: Sting             |    32 |     7 |       |       ||    39
         Poisonous Vapours |     8 |    32 |     2 |       ||    42
         Olgreb's Toxic Ra |       |     7 |    34 |    11 ||    52
         Mephitic Cloud    |       |       |     2 |       ||     2
Ability: Breathe Lightning |       |       |     5 |     1 ||     6
  Evoke: Wand              |       |       |    10 |     4 ||    14
    Use: Scroll            |     4 |     6 |    13 |       ||    23
         Potion            |     2 |       |       |     3 ||     5
   Stab: Sleeping          |       |       |     1 |       ||     1
 Armour: Skin              |    13 |    25 |    45 |     8 ||    91
  Dodge: Dodged            |    28 |    43 |   125 |    16 ||   212

Table legend: (Time is in decaauts)
 A = Elapsed time spent in this place.
 B = Non-inter-level travel time spent in this place.
 C = Inter-level travel time spent in this place.
 D = Time resting spent in this place.
 E = Time spent auto-exploring this place.
 F = Levels seen in this place.
 G = Mean time per level.
                   A        B        C        D        E       F      G
               +--------+--------+--------+--------+--------+-----+--------+
         Total |   8372 |   8214 |    158 |    745 |   6189 |   8 | 1046.5 |
       Dungeon |   8372 |   8214 |    158 |    745 |   6189 |   8 | 1046.5 |
               +--------+--------+--------+--------+--------+-----+--------+

Top non-repeatable levels by time:
     D:1: 1416 daAuts
     D:4: 1369 daAuts
     D:3: 1259 daAuts
     D:7: 1111 daAuts
     D:6: 1081 daAuts
     D:2: 989 daAuts
     D:5: 859 daAuts
     D:8: 283 daAuts
